 Dungeon Crawl Stone Soup version 0.21-a0-346-g330ab2c (webtiles) character file.

84556 Hasart the Swashbuckler (level 16, -2/100 HPs)
             Began as a Kobold Enchanter on Oct 5, 2017.
             Was the Champion of Nemelex Xobeh.
             Killed from afar by an ophan (60 damage)
             ... with a bolt of fire
             ... on level 1 of the Abyss.
             The game lasted 02:01:30 (35410 turns).

Hasart the Swashbuckler (Kobold Enchanter)         Turns: 35410, Time: 02:01:31

Health: -2/100     AC: 11    Str: 13    XL:     16   Next: 28%
Magic:  38/38      EV: 22    Int: 27    God:    Nemelex Xobeh [******]
Gold:   1335       SH:  6    Dex: 14    Spells: 23/34 levels left

rFire    . . .     SeeInvis +   g - +7 rapier (drain)
rCold    . . .     Gourm    .   A - +0 buckler
rNeg     + . .     Faith    .   p - +0 robe "Qoiju" {rCorr Int+4}
rPois    +         Spirit   .   o - +0 helmet of Life {Str+5}
rElec    .         Reflect  .   (no cloak)
rCorr    +         Harm     .   X - +5 pair of gloves of Action {rPois rN+ Int+2 Dex-3}
MR       +....     Clarity  +   (no boots)
Stlth    ++........             (no amulet)
HPRegen  0.00/turn              k - ring of stealth
MPRegen  0.26/turn              z - ring "Yreoj" {MP+9 SInv}

@: glowing
A: slimy green scales 1, carnivore 3, clarity, inhibited regeneration, strong 1
a: Triple Draw, Deal Four, Stack Five, Renounce Religion


You were on level 1 of the Abyss.
You worshipped Nemelex Xobeh.
Nemelex Xobeh was exalted by your worship.
You were very full.

You visited 4 branches of the dungeon, and saw 23 of its levels.
You visited the Abyss 1 time.
You also visited: Labyrinth and Volcano.

You collected 2617 gold pieces.
You spent 1282 gold pieces at shops.

Inventory:

Hand Weapons
 g - a +7 rapier of draining (weapon)
 q - a +1 rapier of flaming
Armour
 o - the +0 helmet of Life (worn) {Str+5}
   (You found it on level 8 of the Dungeon)

   It affects your strength (+5).
 p - the +0 robe "Qoiju" (worn) {rCorr Int+4}
   (You found it on level 1 of the Lair of Beasts)

   It affects your intelligence (+4).
   It protects you from acid and corrosion.
 A - a +0 buckler (worn)
 X - the +5 pair of gloves of Action (worn) {rPois rN+ Int+2 Dex-3}
   (You bought it in a shop on level 2 of the Orcish Mines)

   It affects your intelligence (+2).
   It affects your dexterity (-3).
   It protects you from poison.
   It protects you from negative energy.
Jewellery
 k - a ring of stealth (left hand)
 z - the ring "Yreoj" (right hand) {MP+9 SInv}
   (You found it on level 1 of the Abyss)

   [ring of see invisible]

   It affects your magic capacity (+9).
   It lets you see invisible.
 B - an uncursed ring of see invisible
Wands
 I - a wand of digging (5/24)
 M - a wand of scattershot (1/9)
 W - a wand of acid (1/15)
Scrolls
 e - 6 scrolls of identify
 f - 12 scrolls of remove curse
 h - 3 scrolls of blinking
 j - 9 scrolls of teleportation
 r - 4 scrolls of magic mapping
 s - a scroll of fear
 x - a scroll of recharging
 y - a scroll of enchant weapon
 E - a scroll of enchant armour
Potions
 a - 6 potions of curing
 v - a potion of haste
 G - 2 potions of invisibility
 K - a potion of flight
Miscellaneous
 b - a plain deck of summoning
 c - a plain deck of destruction {drawn: 1}
 i - an ornate deck of summoning
 m - an ornate deck of destruction {drawn: 8}
 n - an ornate deck of summoning
 t - a phial of floods
 u - an ornate deck of destruction
 w - an ornate deck of summoning
 C - a legendary deck of summoning {drawn: 2}
 D - an ornate deck of escape
 F - a plain deck of destruction
 J - a legendary deck of summoning
 N - a fan of gales
 O - an ornate deck of summoning
 P - a plain deck of summoning {drawn: 4}
 Q - a box of beasts
 S - an ornate deck of summoning {drawn: 5}
 Z - an ornate deck of escape
Comestibles
 d - 13 meat rations
 l - 18 royal jellies


   Skills:
 + Level 11.1 Fighting
 + Level 15.0 Short Blades
 + Level 11.3 Dodging
 - Level 5.0 Stealth
 - Level 5.0 Shields
 + Level 9.6 Spellcasting
 - Level 11.7 Hexes
 + Level 10.9 Invocations
 + Level 11.8 Evocations


You had 23 spell levels left.
You knew the following spells:

 Your Spells              Type           Power        Failure   Level  Hunger
b - Ensorcelled Hibernat  Hex/Ice        #####.       1%          2    None
c - Confuse               Hex            ######..     1%          3    None
d - Tukima's Dance        Hex            ######..     1%          3    None
e - Dazzling Spray        Conj/Hex       #####.       1%          3    None


Dungeon Overview and Level Annotations

Branches:
Dungeon (14/15)            Temple (1/1) D:7            Lair (6/6) D:11
 Shoals (0/4) Lair:2       Spider (0/4) Lair:4        Slime (0/5) Lair:5
    Orc (2/2) D:9             Elf (0/3) Orc:2
 Vaults: D:13-14

Altars:
Ashenzari
Cheibriados
Dithmenos
Elyvilon
Fedhas
Gozag
Kikubaaqudgha
Makhleb
Nemelex Xobeh
Qazlal
Ru
Trog
Uskayaw
Wu Jian
Xom
Yredelemnul
Zin
Beogh

Shops:
D:4 :   D:7 *   Orc:1 :   Orc:2 %([}

Annotations:
D:14 Sonja


Innate Abilities, Weirdness & Mutations

You are small and have problems with some larger weapons.
You are carnivorous and can eat meat at any time.
You are partially covered in slimy green scales. (AC +2)
You possess an exceptional clarity of mind.
You do not regenerate when monsters are visible.
Your muscles are strong. (Str +2)


Message History

Your soul eater barely misses the ophan.
Unknown command.
You closely miss the ophan.
The ophan is lightly wounded.
Your rakshasa hits the ophan with a long sword.
The ophan harnesses the cleansing power of fire!
The bolt of fire hits you! The bolt of fire misses you.
Unknown command.
You barely miss the ophan.
The ophan is moderately wounded.
Your soul eater hits the ophan.
Unknown command.
You closely miss the ophan.
The ophan is moderately wounded.
Your rakshasa barely misses the ophan.
The ophan harnesses the cleansing power of fire!
The bolt of fire hits you! x2
Ouch! That really hurt!
You die...
Your body disappears without additional glow.

#
########..#
#.#3#...#
##ยง@GR.#.
.#
####.....#
# .. #.##.
. #.. .# .
.... # # .
#. ... . #
#.# . # ..
# #. # # .


You could see an ophan, a friendly rakshasa and a friendly soul eater.

Vanquished Creatures
  An entropy weaver (Lair:5)
  Nessos (Lair:6)
  The ghost of Amnesiac the Geomancer, a journeyman GnEE of Ashenzari (Orc:1)
  2 fire dragons
  A minotaur (Lab)
  Josephine (D:14)
  8 hydras
  A catoblepas (D:13)
  2 tengu warriors (D:14)
  A two-headed ogre (D:13)
  A queen ant (Lair:5)
  2 thrashing horrors (Abyss:1)
  An unseen horror (D:14)
  Pikel (D:9)
  2 lindwurms
  An orc knight (Orc:2)
  5 ugly things
  A harpy (shapeshifter) (D:14)
  2 manticores
  4 centaur zombies
  4 black mambas
  7 elephants
  4 molten gargoyles
  2 torpor snails
  A gargoyle (D:12)
  A smoke demon (Abyss:1)
  10 spiny frogs
  14 rime drakes
  A kobold demonologist (D:14)
  16 komodo dragons
  8 trolls
  3 polar bears
  14 hornets
  21 hippogriffs
  2 dream sheep (Lair:4)
  Grinder (D:6)
  4 blink frogs (Lair:2)
  A snapping turtle (Lair:2)
  Prince Ribbit (D:6)
  2 slime creatures (Lair:5)
  35 yaks
  3 water elementals (D:14)
  5 fire bats (Volcano)
  A vampire (D:9)
  4 wraiths (D:14)
  10 wyverns
  7 hungry ghosts
  14 basilisks
  A human (D:8)
  Eustachio (D:7)
  4 hogs (D:8)
  2 steam dragons
  5 wargs (Orc:1)
  Edmund (D:4)
  9 hell hounds
  17 soldier ants (Lair:5)
  Duvessa (D:4)
  9 water moccasins
  9 porcupines
  18 orc warriors
  2 slaves
  2 phantoms
  3 black bears
  A starcursed mass (Abyss:1)
  4 ice beasts
  An eye of draining (D:8)
  A hornet zombie (D:9)
  5 sky beasts
  10 ogres
  15 centaurs
  12 crocodiles
  Blork the orc (D:4)
  3 big kobolds
  21 bullfrogs
  2 gnoll sergeants
  2 wyvern zombies
  A wyvern skeleton (D:10)
  2 small abominations (Abyss:1)
  5 scorpions
  Dowan (D:4)
  18 killer bees
  5 wights
  An electric eel (D:14)
  The ghost of Amnesiac the Digger, a weakling GnEE (D:3)
  4 howler monkeys
  4 crimson imps
  12 lava snakes
  2 bullfrog zombies
  2 quasits
  4 hounds
  4 bullfrog skeletons
  10 jellies
  27 orc wizards
  16 orc priests
  3 centaur skeletons
  8 iguanas
  23 worker ants
  Natasha (twice) (D:3)
  A killer bee zombie (D:7)
  A worker ant zombie (D:8)
  13 gnolls
  5 howler monkey zombies
  12 adders
  A white imp (Abyss:1)
  9 oozes
  An adder skeleton (D:4)
  5 worms
  A dart slug (D:4)
  5 leopard geckos
  59 orcs
  6 giant cockroaches
  5 goblins
  10 hobgoblins
  10 jackals
  30 kobolds
  6 quokkas
  14 bats
  6 frilled lizards
  A jackal skeleton (D:6)
  A quokka skeleton (D:4)
  3 rats
  A fungus (Lair:3)
758 creatures vanquished.

Vanquished Creatures (collateral kills)
  An entropy weaver (Lair:5)
  A two-headed ogre (D:12)
  An orc knight (Orc:2)
  2 elephants (Lair:6)
  A starcursed mass (Abyss:1)
  2 ugly things (D:14)
  A manticore (D:14)
  A troll (Orc:2)
  A yak (Lair:6)
  A basilisk (Orc:2)
  5 soldier ants (Lair:5)
  A swamp drake (Orc:2)
  5 orc warriors (Orc:2)
  A boggart (Orc:2)
  A howler monkey (Orc:2)
  A lava snake (Volcano)
  2 jellies (Orc:2)
  4 orc wizards (Orc:2)
  An orc priest (Orc:2)
  2 iguanas
  5 worker ants
  A worm (Orc:2)
  8 orcs (Orc:2)
  A goblin (Orc:2)
  A kobold (Orc:2)
51 creatures vanquished.

Vanquished Creatures (others)
  Saint Roka (Orc:2)
  3 soldier ants (Lair:5)
  2 orc wizards
  2 ball lightnings
  A bush (Lair:5)
  2 demonic plants (Abyss:1)
  20 fungi
  13 plants
  7 toadstools (D:2)
51 creatures vanquished.

Grand Total: 860 creatures vanquished

Notes
Turn   | Place    | Note
-------+----------+-------------------------------------------
     0 | D:1      | Hasart the Kobold Enchanter began the quest for the Orb.
     0 | D:1      | Reached XP level 1. HP: 10/10 MP: 3/3
   109 | D:1      | Reached XP level 2. HP: 12/15 MP: 3/5
   115 | D:1      | Learned a level 2 spell: Ensorcelled Hibernation
   140 | D:1      | Reached skill level 2 in Short Blades
   996 | D:1      | Reached XP level 3. HP: 19/19 MP: 6/6
  1001 | D:1      | Learned a level 3 spell: Confuse
  1186 | D:2      | Found a shattered altar of Ashenzari.
  1979 | D:2      | Reached XP level 4. HP: 24/24 MP: 7/7
  1982 | D:2      | Reached skill level 3 in Short Blades
  2280 | D:2      | Reached XP level 5. HP: 10/28 MP: 2/8
  2483 | D:2      | Reached skill level 5 in Hexes
  2583 | D:2      | Reached skill level 4 in Short Blades
  3091 | D:2      | Found a burning altar of Makhleb.
  3362 | D:3      | Noticed Natasha
  3368 | D:3      | Killed Natasha
  3368 | D:3      | Reached XP level 6. HP: 32/32 MP: 9/9
  3628 | D:3      | Noticed Amnesiac's ghost (weakling GnEE)
  3649 | D:3      | Killed Amnesiac's ghost
  3941 | D:3      | Noticed Natasha
  3951 | D:3      | Killed Natasha
  4445 | D:4      | Noticed Dowan
  4469 | D:4      | Killed Dowan
  4604 | D:4      | Noticed Blork the orc
  4613 | D:4      | Killed Blork the orc
  4613 | D:4      | Reached skill level 5 in Short Blades
  4613 | D:4      | Reached XP level 7. HP: 36/36 MP: 10/10
  4916 | D:4      | Found a shimmering altar of Xom.
  4918 | D:4      | Found a sacrificial altar of Ru.
  4918 | D:4      | Found a shimmering altar of Xom.
  4919 | D:4      | Noticed Duvessa
  4920 | D:4      | Found a hide-covered altar of Uskayaw.
  4920 | D:4      | Found a shattered altar of Ashenzari.
  4920 | D:4      | Found a glowing silver altar of Zin.
  4935 | D:4      | Killed Duvessa
  4935 | D:4      | Reached skill level 6 in Short Blades
  5127 | D:4      | Found Kiumpec's Book Shop.
  5149 | D:4      | Reached XP level 8. HP: 28/41 MP: 8/11
  5660 | D:4      | Found a stormy altar of Qazlal.
  5701 | D:4      | Noticed Edmund
  5714 | D:4      | Killed Edmund
  5714 | D:4      | Reached skill level 7 in Short Blades
  6073 | D:5      | Entered Level 5 of the Dungeon
  6792 | D:5      | Found an ancient bone altar of Kikubaaqudgha.
  6807 | D:5      | Found a shadowy altar of Dithmenos.
  6808 | D:5      | Found a bloodstained altar of Trog.
  6809 | D:5      | Found a blossoming altar of Fedhas.
  6834 | D:5      | Reached XP level 9. HP: 45/45 MP: 13/13
  7121 | D:6      | Noticed Prince Ribbit
  7149 | D:6      | Killed Prince Ribbit
  7161 | D:6      | Reached skill level 8 in Short Blades
  7280 | D:6      | Learned a level 3 spell: Tukima's Dance
  7284 | D:6      | Learned a level 3 spell: Dazzling Spray
  7502 | D:6      | Noticed Grinder
  7514 | D:6      | Killed Grinder
  8181 | D:7      | Found a white marble altar of Elyvilon.
  8208 | D:7      | Noticed a hippogriff
  8212 | D:7      | Killed a hippogriff
  8212 | D:7      | Reached skill level 5 in Dodging
  8218 | D:7      | Noticed a hippogriff
  8233 | D:7      | Reached skill level 10 in Hexes
  8238 | D:7      | Killed a hippogriff
  8238 | D:7      | Reached skill level 1 in Fighting
  8238 | D:7      | Reached XP level 10. HP: 40/52 MP: 4/16
  8532 | D:7      | Found Sofie's General Store.
  8560 | D:7      | Reached skill level 1 in Shields
  8787 | D:7      | Reached skill level 9 in Short Blades
  8863 | D:7      | Found a staircase to the Ecumenical Temple.
  8885 | D:7      | Reached skill level 5 in Stealth
  8898 | Temple   | Entered the Ecumenical Temple
  9088 | Temple   | Became a worshipper of Nemelex Xobeh the Trickster
  9148 | D:7      | Received a gift from Nemelex Xobeh
  9313 | D:7      | Reached skill level 1 in Evocations
  9338 | D:7      | Found a basalt altar of Yredelemnul.
  9417 | D:7      | Bought a scroll of enchant armour for 120 gold pieces
  9663 | D:7      | Noticed Eustachio
  9690 | D:7      | Killed Eustachio
  9690 | D:7      | Reached skill level 1 in Invocations
  9970 | D:8      | Got a dazzling helmet
  9976 | D:8      | Identified the +0 helmet of Life {Str+5} (You found it on level 8 of the Dungeon)
 10645 | D:8      | Reached * piety under Nemelex Xobeh
 11289 | D:9      | Reached XP level 11. HP: 60/60 MP: 18/18
 11435 | D:9      | Found a staircase to the Orcish Mines.
 11446 | D:9      | Noticed Pikel
 11630 | D:9      | Killed Pikel
 11630 | D:9      | Reached skill level 10 in Short Blades
 11676 | D:9      | Got a bloodstained leather armour
 11677 | D:9      | Identified the +1 leather armour of Okawaru's Approval {*Drain rPois MR+} (You found it on level 9 of the Dungeon)
 11827 | D:9      | Received a gift from Nemelex Xobeh
 12720 | D:9      | Found a snail-covered altar of Cheibriados.
 12720 | D:9      | Found an opulent altar of Gozag.
 12721 | D:9      | Found a sacrificial altar of Ru.
 12920 | D:9      | Reached ** piety under Nemelex Xobeh
 12978 | D:10     | Entered Level 10 of the Dungeon
 13885 | D:11     | Reached skill level 5 in Fighting
 13918 | D:11     | Received a gift from Nemelex Xobeh
 14491 | D:12     | Gained mutation: Your magical capacity is low. (-10% MP) [potion of mutation]
 14491 | D:12     | Gained mutation: You have a pair of small horns on your head. [potion of mutation]
 14491 | D:12     | Gained mutation: You do not regenerate when monsters are visible. [potion of mutation]
 14491 | D:12     | Gained mutation: Your mind is acute. (Int +2) [potion of mutation]
 14492 | D:12     | Lost mutation: You have a pair of small horns on your head. [potion of mutation]
 14492 | D:12     | Lost mutation: Your mind is acute. (Int +2) [potion of mutation]
 14492 | D:12     | Lost mutation: Your magical capacity is low. (-10% MP) [potion of mutation]
 14492 | D:12     | Gained mutation: You are partially covered in slimy green scales. (AC +2) [potion of mutation]
 14492 | D:12     | Gained mutation: You possess an exceptional clarity of mind. [potion of mutation]
 14492 | D:12     | Gained mutation: Your muscles are strong. (Str +2) [potion of mutation]
 14526 | D:12     | Reached skill level 5 in Evocations
 14551 | D:12     | Found a labyrinth entrance.
 14629 | Lab      | Entered a labyrinth
 14870 | Lab      | Noticed a minotaur
 14876 | Lab      | Reached *** piety under Nemelex Xobeh
 14893 | Lab      | Killed a minotaur
 14893 | Lab      | Reached skill level 5 in Invocations
 14893 | Lab      | Reached XP level 12. HP: 35/68 MP: 19/19
 14905 | Lab      | Identified the +2 lajatang "Impslayer" {flame, *Drain rC+ MR++ Int+3} (You found it in a labyrinth)
 14906 | Lab      | Identified the +7 war axe of Inconvenience {speed, Stlth+} (You found it in a labyrinth)
 14907 | Lab      | Identified the +7 chain mail of the Engineer {*Contam *Slow Int+4 Dex+2} (You found it in a labyrinth)
 15104 | D:12     | Found a shimmering altar of Xom.
 15143 | D:12     | Reached skill level 11 in Short Blades
 15160 | D:11     | Found a hide-covered altar of Uskayaw.
 15160 | D:11     | Noticed a two-headed ogre
 15181 | D:12     | Killed a two-headed ogre
 16614 | D:11     | Found a staircase to the Lair.
 16635 | D:11     | Received a gift from Nemelex Xobeh
 16922 | Lair:1   | Entered Level 1 of the Lair of Beasts
 17195 | Lair:1   | Received a gift from Nemelex Xobeh
 17236 | Lair:1   | Got a heavily jewelled robe
 17237 | Lair:1   | Identified the +0 robe "Qoiju" {rCorr Int+4} (You found it on level 1 of the Lair of Beasts)
 17572 | Lair:1   | Reached skill level 5 in Shields
 18006 | Lair:1   | Reached **** piety under Nemelex Xobeh
 18315 | Lair:2   | Reached skill level 5 in Spellcasting
 18929 | Lair:2   | Reached XP level 13. HP: 68/76 MP: 16/20
 18946 | Lair:2   | Noticed a four-headed hydra
 18955 | Lair:2   | Killed a four-headed hydra
 18955 | Lair:2   | Reached skill level 12 in Short Blades
 19343 | Lair:2   | Received a gift from Nemelex Xobeh
 19672 | Lair:2   | Found a staircase to the Shoals.
 19902 | Orc:1    | Entered Level 1 of the Orcish Mines
 20051 | Orc:1    | Found Pircheid's Book Shoppe.
 20110 | Orc:1    | Noticed Amnesiac's ghost (journeyman GnEE)
 20126 | Orc:1    | Killed Amnesiac's ghost
 20872 | Orc:1    | Reached ***** piety under Nemelex Xobeh
 20913 | Orc:1    | Received a gift from Nemelex Xobeh
 21470 | Orc:2    | Entered Level 2 of the Orcish Mines
 21810 | Orc:2    | Found a roughly hewn altar of Beogh.
 22097 | Orc:2    | Found a staircase to the Elven Halls.
 22102 | Orc:2    | Received a gift from Nemelex Xobeh
 22201 | Orc:2    | Found a roughly hewn altar of Beogh.
 22299 | Orc:2    | Found Ytiziy's Food Shoppe.
 22377 | Orc:2    | Noticed Saint Roka
 22399 | Orc:2    | Killed Saint Roka
 22574 | Orc:2    | Found Teargh Ropra's Antique Armour Boutique.
 22578 | Orc:2    | Found Oxoqul's Antique Weapon Shop.
 22579 | Orc:2    | Found a roughly hewn altar of Beogh.
 22607 | Orc:2    | Bought a bloodstained scimitar for 234 gold pieces
 22613 | Orc:2    | Bought a pair of steaming gloves for 380 gold pieces
 22613 | Orc:2    | Bought a distressingly furry robe for 228 gold pieces
 22613 | Orc:2    | Identified the cursed +0 scimitar "Giantslayer" {antimagic, +Rage} (You bought it in a shop on level 2 of the Orcish Mines)
 22615 | Orc:2    | Identified the +5 pair of gloves of Action {rPois rN+ Int+2 Dex-3} (You bought it in a shop on level 2 of the Orcish Mines)
 22627 | Orc:2    | Identified the cursed +0 robe of Viwonaw {Regen+ Dex+2} (You bought it in a shop on level 2 of the Orcish Mines)
 22696 | Orc:2    | Found a roughly hewn altar of Beogh.
 22975 | Orc:2    | Found a roughly hewn altar of Beogh.
 23004 | Orc:2    | Found Nupsor's Gadget Emporium.
 23063 | Orc:2    | Found a roughly hewn altar of Beogh.
 23157 | D:7      | Bought a scroll of brand weapon for 320 gold pieces
 23306 | D:13     | Received a gift from Nemelex Xobeh
 23606 | D:13     | Noticed a catoblepas
 23772 | D:13     | Killed a catoblepas
 24194 | D:10     | Reached XP level 14. HP: 69/84 MP: 20/24
 24247 | D:10     | Reached skill level 13 in Short Blades
 24746 | Lair:3   | Found a dark tunnel.
 24751 | Volcano  | Entered a volcano
 24984 | Volcano  | Received a gift from Nemelex Xobeh
 25270 | Volcano  | Found a bloodstained altar of Trog.
 26424 | Lair:3   | Received a gift from Nemelex Xobeh
 27042 | Lair:4   | Reached skill level 10 in Evocations
 27533 | Lair:4   | Reached ****** piety under Nemelex Xobeh
 27826 | Lair:4   | Found a hole to the Spider Nest.
 28514 | Lair:5   | Received a gift from Nemelex Xobeh
 28651 | Lair:5   | Reached XP level 15. HP: 74/92 MP: 27/27
 28663 | Lair:5   | Reached skill level 14 in Short Blades
 28847 | Lair:5   | Reached skill level 10 in Fighting
 28874 | Lair:5   | Reached skill level 10 in Dodging
 29307 | Lair:5   | Reached skill level 10 in Invocations
 29312 | Lair:5   | Received a gift from Nemelex Xobeh
 29866 | Lair:5   | Found a staircase to the Slime Pits.
 30311 | Lair:5   | Received a gift from Nemelex Xobeh
 30576 | Lair:6   | Entered Level 6 of the Lair of Beasts
 31019 | Lair:6   | Noticed Nessos
 31032 | Lair:6   | Killed Nessos
 31817 | Lair:6   | Found a large runed door.
 31817 | Lair:6   | Found a large runed door.
 33271 | Lair:6   | Received a gift from Nemelex Xobeh
 33721 | D:14     | Reached XP level 16. HP: 99/99 MP: 26/29
 33941 | D:14     | Received a gift from Nemelex Xobeh
 34604 | D:14     | Received a gift from Nemelex Xobeh
 34639 | D:14     | Noticed Sonja
 34757 | D:14     | Noticed Josephine
 34774 | D:14     | Killed Josephine
 34774 | D:14     | Reached skill level 15 in Short Blades
 34809 | D:14     | Cast into level 1 of the Abyss (Sonja)
 34836 | Abyss:1  | Received a gift from Nemelex Xobeh
 34912 | Abyss:1  | Noticed a yellow draconian monk
 34934 | Abyss:1  | HP: 2/100 [large abomination (29)]
 35077 | Abyss:1  | Got a scintillating granite ring
 35078 | Abyss:1  | Identified the ring "Yreoj" {MP+9 SInv} (You found it on level 1 of the Abyss)
 35186 | Abyss:1  | Noticed an Executioner
 35199 | Abyss:1  | Received a gift from Nemelex Xobeh
 35410 | Abyss:1  | Killed from afar by an ophan

Vault maps used:
D:1:      dpeg_arrival_oval
D:2:      cheibrodos_fertilizer, lemuel_round_altar, evilmike_ruin_ashenzari
D:3:      lightli_corner_chamber, uniq_natasha
D:4:      kennysheep_mini, serial_shops, nicolae_shop_waterfront,
          hangedman_decor_opposing, doesnt_xom_only_xom, uniq_edmund,
          uniq_duvessa, uniq_blork_the_orc
D:5:      lemuel_doored_altar, gammafunk_temple_overflow_forgotten, first_bread
D:6:      minivault_19, uniq_prince_ribbit1, uniq_grinder
D:7:      yredelemnul_altar_generic, elyvilon_altar_4,
          minmay_temple_entry_large_hall, serial_shops,
          nicolae_shop_statue_plus, sword_in_stone
D:8:      grunt_livestock
D:9:      gammafunk_temple_overflow_claw, david_orc_2, serial_glass,
          glass_columns_b, glass_columns_b, uniq_pikel
D:10:     hive_lemuel
D:11:     minmay_lair_entry_lava, basic_altar, hangedman_abyss_or_decor_passed
D:12:     basic_altar, lab_entry_generic, moated_statue
D:13:     david_vaults_1
D:14:     chequers_big_river, statue_in_the_mist_lemuel, uniq_sonja,
          uniq_josephine
Temple:   nicolae_temple_figure_zero
Lair:1:   beast_lair_carwin_large_2, st_stairs_8
Lair:2:   minmay_shoals_entry_hut, small_statue_intersection,
          nicolae_lair_grove_arrangements, grunt_megastairs_2,
          serial_bayou_shore_b
Lair:3:   enter_volcano_4
Lair:4:   dummy_spider_entry, serial_bayou_shore_b, grunt_megastairs_4
Lair:5:   minmay_slime_entry_pillars, special_room, minivault_29
Lair:6:   cheibrodos_lair_end_hotspot, uniq_nessos
Orc:1:    serial_shops, nicolae_shop_stone, nooodl_orcs_dogs
Orc:2:    grunt_orc_community_town_hall, grunt_orc_community_big_house_2,
          grunt_orc_community_big_house_2, grunt_orc_community_house_1,
          grunt_orc_community_house_1, grunt_orc_community_house_2,
          grunt_orc_community_house_3, basic_altar
Lab:      nicolae_lab_flowing_pool, nicolae_lab_do_over, nicolae_lab_plus,
          nicolae_lab_checkerboard, labyrinth_lava_lair
Volcano:  volcano_lake

Skill      XL: |  1  2  3  4  5  6  7  8  9 10 11 12 13 14 15 16 |
---------------+-------------------------------------------------+-----
Short Blades   | 2 3 4 5 6 7 8 9 10 11 12 13 14 15 | 15.0
Hexes          | 4 5 6 7 8 10 11 | 11.7
Dodging        | 3 5 6 8 9 11 | 11.3
Spellcasting   | 4 5 6 8 9 |  9.6
Fighting       | 1 3 5 7 8 9 10 11 | 11.1
Shields        | 2 4 5 |  5.0
Stealth        | 5 |  5.0
Evocations     | 3 5 7 9 10 11 | 11.8
Invocations    | 2 5 6 8 9 10 | 10.9

Action                   |  1- 3 |  4- 6 |  7- 9 | 10-12 | 13-15 | 16-18 || total
-------------------------+-------+-------+-------+-------+-------+-------++-------
Melee: Dagger            |   146 |   118 |   313 |   136 |       |       ||   713
       Rapier            |       |       |       |   693 |  1218 |   148 ||  2059
 Cast: Corona            |     5 |       |       |       |       |       ||     5
       Confuse           |     2 |    16 |    31 |   113 |   191 |    36 ||   389
       Ensorcelled Hiber |     2 |       |       |     2 |       |       ||     4
       Tukima's Dance    |       |       |       |     1 |       |       ||     1
       Dazzling Spray    |       |       |       |       |    28 |    12 ||    40
Evoke: Wand              |       |       |       |     7 |     5 |       ||    12
       Deck              |       |       |       |     2 |    19 |     3 ||    24
  Use: Potion            |     2 |       |       |     5 |     9 |     1 ||    17
       Scroll            |       |       |       |    29 |     6 |     3 ||    38
 Stab: Sleeping          |    10 |    17 |    18 |    25 |    26 |     1 ||    97
       Confused          |     1 |     7 |    23 |    64 |    89 |    17 ||   201
       Distracted        |       |       |       |     3 |     3 |       ||     6
       Invisible         |       |       |       |       |     2 |       ||     2
  Eat: Chunk             |    11 |    11 |    14 |    46 |    45 |     5 ||   132
Armor: Robe              |    26 |    13 |    18 |    62 |    94 |    22 ||   235
Dodge: Dodged            |   152 |    57 |   126 |   403 |   560 |    78 ||  1376
Block: Buckler           |       |       |       |    84 |   172 |    20 ||   276

Table legend:
 A = Spawn XP
 B = Non-spawn XP
 C = Spawn XP percentage of total XP
 D = Spawn monster count
 E = Non-spawn monster count
 F = Spawn count percentage of total count
 G = Total turns spent on level
                    A         B        C        D         E        F      G
               +---------+---------+-------+---------+---------+-------+---------
         Total |     862 |  119933 |   0.7 |       2 |     810 |   0.2 | 35410
               +---------+---------+-------+---------+---------+-------+---------
           D:1 |       0 |      33 |   0.0 |       0 |      18 |   0.0 |  1375
           D:2 |       0 |     214 |   0.0 |       0 |      38 |   0.0 |  1962
           D:3 |       0 |     182 |   0.0 |       0 |      23 |   0.0 |  1071
           D:4 |       0 |    1107 |   0.0 |       0 |      29 |   0.0 |  1665
           D:5 |       0 |     521 |   0.0 |       0 |      11 |   0.0 |   943
           D:6 |       0 |    1487 |   0.0 |       0 |      30 |   0.0 |  1110
           D:7 |       0 |    2026 |   0.0 |       0 |      30 |   0.0 |  1806
           D:8 |       0 |    2017 |   0.0 |       0 |      32 |   0.0 |  1276
           D:9 |       0 |    3224 |   0.0 |       0 |      45 |   0.0 |  1689
          D:10 |       0 |    4781 |   0.0 |       0 |      39 |   0.0 |  1500
          D:11 |       0 |    1623 |   0.0 |       0 |      22 |   0.0 |  1001
          D:12 |       0 |    4398 |   0.0 |       0 |      24 |   0.0 |  2026
          D:13 |       0 |    5074 |   0.0 |       0 |      29 |   0.0 |   551
          D:14 |       0 |   10959 |   0.0 |       0 |      33 |   0.0 |  1100
        Lair:1 |       0 |    4419 |   0.0 |       0 |      25 |   0.0 |  1398
        Lair:2 |       0 |    5035 |   0.0 |       0 |      19 |   0.0 |  1709
        Lair:3 |       0 |    4605 |   0.0 |       0 |      20 |   0.0 |  1299
        Lair:4 |       0 |   14334 |   0.0 |       0 |      53 |   0.0 |  1690
        Lair:5 |       0 |   19569 |   0.0 |       0 |      93 |   0.0 |  2280
        Lair:6 |       0 |   16027 |   0.0 |       0 |      48 |   0.0 |  2616
         Orc:1 |       0 |    4058 |   0.0 |       0 |      36 |   0.0 |  1806
         Orc:2 |       0 |    6603 |   0.0 |       0 |      81 |   0.0 |  1400
       Abyss:1 |     862 |    1735 |  33.2 |       2 |       7 |  22.2 |   601
           Lab |       0 |    1983 |   0.0 |       0 |       9 |   0.0 |   336
       Volcano |       0 |    3919 |   0.0 |       0 |      16 |   0.0 |  1000
               +---------+---------+-------+---------+---------+-------+---------
